 Dungeon Crawl Stone Soup version 0.28.0-53-g5a82cb258f (webtiles) character file.

Game seed: 9970613805144197682

171 selky the Chopper (level 5, -4/46 HPs)
             Began as a Deep Dwarf Fighter on July 1, 2022.
             Slain by an orc warrior
             ... wielding a +3 mace
              (10 damage)
             ... on level 3 of the Dungeon.
             The game lasted 00:02:42 (2038 turns).

selky the Chopper (Deep Dwarf Fighter)              Turns: 2038, Time: 00:02:42

Health: -4/46      AC:  6    Str: 22    XL:     5   Next: 26%
Magic:  4/4        EV:  9    Int:  8    God:
Gold:   80         SH:  0    Dex: 12    Spells: 4/4 levels left

rFire   . . .      SeeInvis .   a - +0 war axe
rCold   . . .      Faith    .   (no shield)
rNeg    . . .      Spirit   .   b - +0 scale mail
rPois   .          Reflect  .   (no helmet)
rElec   .          Harm     .   (no cloak)
rCorr   .          Rampage  .   (no gloves)
Will    +....                   (no boots)
Stlth   ..........              (no amulet)
HPRegen 0.00/turn               e - ring of willpower
MPRegen 0.09/turn               (no ring)

@: mighty
A: damage resistance, heal wounds, sense surroundings 1, no regeneration
a: Heal Wounds


You were on level 3 of the Dungeon.
You visited 1 branch of the dungeon, and saw 4 of its levels.

You collected 80 gold pieces.

Inventory:

Hand Weapons
 a - a +0 war axe (weapon)
Armour
 b - a +0 scale mail (worn)
 c - a +0 buckler
Jewellery
 e - a ring of willpower (left hand)
Scrolls
 f - a scroll of noise {unknown}
 g - 3 scrolls of identify {unknown}
 i - a scroll of fog {unknown}
 j - a scroll of teleportation {unknown}
Potions
 h - a potion of brilliance {unknown}
 k - a potion of resistance {unknown}


   Skills:
 - Level 2.6 Fighting
 + Level 6.1 Axes
 - Level 3.2 Armour
 - Level 3.2 Shields


You had 4 spell levels left.
You didn't know any spells.
Your spell library was empty.

Dungeon Overview and Level Annotations

Branches:
Dungeon (4/15)
 Temple: D:4-7

Altars:
Kikubaaqudgha

Shops:
D:2 :


Innate Abilities, Weirdness & Mutations

You are resistant to damage.
You can heal yourself by infusing magical energy.
You passively map a small area around you.
You do not regenerate.


Message History

An orc warrior, an orc priest and an orc come into view.
The orc warrior shouts!
The orc priest shouts!
The orc shouts!
An orc comes into view. It is wielding a +0 dagger.
The orc warrior moves out of view.
There are monsters nearby!
There are monsters nearby!
An orc wizard comes into view. It is wielding a +0 dagger.
Found 9 gold pieces.
Found a stone staircase leading up.
The orc wizard shouts!
The orc shouts!
There is an open door here.
There's a creature in the doorway!
There is a stone staircase leading up here.
The orc hits you with a +0 club.
You climb upwards.
There is a stone staircase leading down here.
You barely miss the orc. The orc closely misses you.
You closely miss the orc. The orc hits you with a +0 club.
You slash the orc!
You kill the orc!
No target in view!
You climb downwards.
There is a stone staircase leading up here.
The orc warrior hits you with a +3 mace!
You climb upwards.
There is a stone staircase leading down here.
Okay, then.
You feel very mighty all of a sudden.
The orc warrior hits you with a +3 mace.
You are too injured to fight recklessly!
You are too injured to fight recklessly!
You hit the orc warrior but do no damage.
The orc warrior hits you but does no damage.
You slash the orc warrior!
The orc warrior is heavily wounded.
The orc warrior hits you with a +3 mace!!
* * * LOW HITPOINT WARNING * * *
You slash the orc warrior!
The orc warrior is almost dead.
The orc warrior hits you with a +3 mace!
You die...

#........# #...#
..#)##...# #...#
##..#....# #...#
##.......# #...#
#...##...### #...#
...รท.......# #...#
...........# ##.##
#..........# #o##
#....).....# #@)#
.......#..## #..#
.#######..# #..# .#
####..#### #..# .#
#........# #..# .#
#.######.###.<# ##
#...##.#.#....#
#######.##.######.#
....#...##...# #.#


You could see an orc warrior.

Vanquished Creatures
  An orc priest (D:3)
  An orc wizard (D:3)
  3 adders
  4 worms
  3 dart slugs
  4 orcs (D:3)
  5 bats
  An endoplasm (D:2)
  A giant cockroach (D:1)
  8 goblins
  5 hobgoblins
  6 jackals
  3 quokkas
  8 ball pythons
  2 frilled lizards (D:1)
  7 kobolds
  3 rats
65 creatures vanquished.

Vanquished Creatures (others)
  3 withered plants (D:3)
3 creatures vanquished.

Grand Total: 68 creatures vanquished

Notes
Turn   | Place    | Note
-------+----------+-------------------------------------------
     0 | D:1      | selky the Deep Dwarf Fighter began the quest for the Orb.
     0 | D:1      | Reached XP level 1. HP: 20/20 MP: 1/1
    80 | D:1      | Reached skill level 3 in Axes
    94 | D:1      | Reached XP level 2. HP: 22/27 MP: 2/2
   243 | D:1      | Found a faded altar of an unknown god.
   353 | D:1      | Reached XP level 3. HP: 23/33 MP: 3/3
   660 | D:2      | Reached skill level 4 in Axes
   908 | D:2      | Reached XP level 4. HP: 24/40 MP: 4/4
  1191 | D:2      | Found Geraiv's Book Shoppe.
  1429 | D:3      | Reached skill level 5 in Axes
  1469 | D:3      | Reached XP level 5. HP: 31/46 MP: 4/4
  1584 | D:3      | Reached skill level 6 in Axes
  1589 | D:3      | Found an ancient bone altar of Kikubaaqudgha.
  2022 | D:4      | Noticed an orc warrior
  2038 | D:3      | Slain by an orc warrior

Illustrated notes

Levels and vault maps discovered:
D:1:      dpeg_arrival_erosion, layout_rooms, shapermc_ecumenical_altar_venn,
          serial_rivers, chequers_serial_rivers_micro_d,
          chequers_serial_rivers_small_a, chequers_serial_rivers_large_b,
          chequers_serial_rivers_micro_a, chequers_serial_rivers_large_a
D:2:      layout_loops_ring, serial_shops, nicolae_shop_behind_doors,
          minmay_octomino_j4
D:3:      layout_rooms, kiku_gazebo_garden_becter, bh_walls_and_bars
D:4:      layout_gridville, mainiacjoe_overflow_paths, minmay_misc_feat_roman,
          minivault_27, lemuel_old_faithful

Skill      XL: |  1  2  3  4  5 |
---------------+----------------+-----
Axes           | 3 4 5 6 |  6.1
Fighting       | |  2.6
Armour         | |  3.2
Shields        | |  3.2

Action                   |  1- 3 |  4- 6 || total
-------------------------+-------+-------++-------
Melee: War axe           |    83 |    89 ||   172
       Punch             |     2 |     1 ||     3
 Abil: Heal Wounds       |       |     2 ||     2
  Use: Potion            |       |     1 ||     1
Armor: Scale mail        |    52 |    46 ||    98
Dodge: Dodged            |    55 |    47 ||   102
